 Dungeon Crawl Stone Soup version 0.17-a0-2179-g6177076 (webtiles) character file.

3336 Eldritch the Blocker (level 9, -4/82 HPs)
             Began as a Deep Dwarf Fighter on Oct 25, 2015.
             Slain by an orc warrior
             ... wielding a +0 hand axe
              (17 damage)
             ... on level 9 of the Dungeon.
             The game lasted 00:09:40 (6139 turns).

Eldritch the Blocker (Deep Dwarf Fighter)           Turns: 6139, Time: 00:09:40

Health: -4/82      AC:  8    Str: 28    XL:     9   Next: 72%
Magic:  7/7        EV: 12    Int:  9    God:
Gold:   562        SH: 12    Dex: 12    Spells: 0 memorised, 8 levels left

rFire  . . .     SeeInvis .     a - +1 war axe
rCold  . . .     Clarity  .     b - +0 scale mail
rNeg   . . .     SustAt   .     c - +0 shield
rPois  +         Gourm    .     (no helmet)
rElec  .         Spirit   .     (no cloak)
rCorr  .         Warding  .     (no gloves)
rMut   .         Stasis   .     (no boots)
MR     +....                    (no amulet)
Stlth  ..........               M - ring of poison resistance
                                G - +1 ring of evasion

@: mighty, non-regenerating, somewhat resistant to hostile enchantments,
extremely unstealthy
A: damage resistance, recharge devices, sense surroundings 2, slow regeneration
3
a: Device Recharging


You were on level 9 of the Dungeon.
You were not hungry.

You visited 1 branch of the dungeon, and saw 9 of its levels.
You also visited: Sewer.

You collected 562 gold pieces.

Inventory:

Hand Weapons
 a - a +1 war axe (weapon)
Armour
 b - a +0 scale mail (worn)
 c - a +0 shield (worn)
Jewellery
 o - a cursed -2 ring of evasion
 F - a +4 ring of strength {unknown}
 G - a +1 ring of evasion (left hand)
 H - an uncursed ring of protection from fire {unknown}
 M - a ring of poison resistance (right hand)
Wands
 e - a wand of heal wounds (8)
 w - a wand of lightning (5)
 E - a wand of magic darts (22)
 J - a wand of flame (26)
Scrolls
 j - 2 scrolls of noise
 k - a scroll of enchant weapon
 n - 3 scrolls of identify
 u - 3 scrolls of fear
 v - 3 scrolls of random uselessness
 x - 4 scrolls of teleportation
 y - a scroll of amnesia
 C - a scroll of recharging
Potions
 d - a potion of might
 g - 2 potions of mutation {unknown}
 h - 3 potions of magic {unknown}
 i - a potion of invisibility {unknown}
 l - 2 potions of haste {unknown}
 s - a potion of ambrosia {unknown}
 t - 2 potions of lignification
 z - 2 potions of poison {unknown}
 A - a potion of heal wounds {unknown}
 B - a potion of cancellation {unknown}
 D - 2 potions of curing {unknown}
 K - 2 potions of resistance {unknown}
Comestibles
 f - 2 bread rations
 m - 3 slices of pizza
 p - 2 royal jellies
 q - 4 beef jerkies
 r - 2 meat rations


   Skills:
 + Level 5.7 Fighting
 + Level 7.1 Axes
 + Level 7.7 Armour
 + Level 5.8 Dodging
 + Level 1.0 Stealth
 + Level 8.0 Shields
 - Level 2.6 Evocations


You had 8 spell levels left.
You didn't know any spells.

Dungeon Overview and Level Annotations

Branches:
Dungeon (9/15)                Orc (0/4) D:9
 Temple: D:4-7         Lair: D:8-11

Altars:
Dithmenos


Innate Abilities, Weirdness & Mutations

You are resistant to damage.
You can recharge devices by infusing magical energy.
You passively map the area around you.
You do not regenerate naturally.


Message History

You slice the warg!!
You kill the warg!
Your Shields skill increases to level 8!
You hit the orc warrior.
The orc warrior is lightly wounded.
You block the orc warrior's attack.
You slash the orc warrior!
The orc warrior is heavily wounded.
The orc warrior closely misses you.
You slash the orc warrior!
The orc warrior is severely wounded.
The orc warrior hits you with a hand axe!
* * * LOW HITPOINT WARNING * * *
You closely miss the orc warrior.
The orc warrior is severely wounded.
The orc warrior barely misses you.
You closely miss the orc warrior.
The orc warrior is severely wounded.
The orc warrior hits you with a hand axe!!
You die...

* , * , * * #.. ..,, *
*#.. ..,, * , * *...##. *
* * ..#.. , , ,
#<>.#.#.##.... * ** *,
####...#.#.##.... , , * ,
......#.#.#..... , ,
.....#@#.#.(.., , , ,
#...#o#.#.<.## , , ,*
#...#o#.#.#..#### *
#....o#...#.>...# , .,
#.....#.......#.##,* *
..#######...#......#..<.#
,.......##...#.....####.##
* ,, ##....[.o.#########
,...|, , ,...........# ,,
###....


You could see an orc warrior, an orc priest and an orc.

Vanquished Creatures
  The ghost of lagrange the Shield-Bearer, a novice FoFi (D:6)
  The ghost of lagrange the Skirmisher, a novice DgWn (D:5)
  Grinder (D:4)
  Sigmund (D:4)
  A warg (D:9)
  The ghost of Via the Sneak, an amateur OpAs (D:3)
  Edmund (D:5)
  An ice beast (D:8)
  2 phantoms (D:4)
  A centaur (D:7)
  4 ogres
  3 giant frogs
  2 scorpions
  4 crimson imps
  2 jellies
  2 giant frog skeletons (D:4)
  3 centaur skeletons
  3 iguanas
  3 hounds
  4 worker ants
  A hound zombie (D:8)
  Robin (D:4)
  13 adders
  3 river rats (D:5)
  2 shadow imps
  2 oozes
  3 worms
  6 giant geckos
  12 orcs
  6 bats
  12 giant cockroaches
  15 goblins
  15 hobgoblins
  8 jackals
  11 kobolds
  6 quokkas
  4 ball pythons
  A giant gecko zombie (D:8)
  3 giant newts (Sewer)
  A jackal skeleton (D:7)
  9 rats
175 creatures vanquished.

Notes
Turn   | Place    | Note
--------------------------------------------------------------
     0 | D:1      | Eldritch the Deep Dwarf Fighter began the quest for the Orb.
     0 | D:1      | Reached XP level 1. HP: 20/20 MP: 1/1
    52 | D:1      | Reached XP level 2. HP: 27/27 MP: 2/2
   385 | D:1      | Reached XP level 3. HP: 23/34 MP: 3/3
   779 | D:2      | Reached skill level 4 in Armour
   865 | D:2      | Reached XP level 4. HP: 24/42 MP: 4/4
  1411 | D:3      | Reached skill level 1 in Dodging
  1411 | D:3      | Reached XP level 5. HP: 32/49 MP: 5/5
  1680 | D:3      | Noticed Via's ghost (amateur OpAs)
  1690 | D:3      | Killed Via's ghost
  1690 | D:3      | Reached XP level 6. HP: 30/56 MP: 6/6
  1956 | D:3      | Reached skill level 5 in Shields
  2147 | D:4      | HP: 1/56 [ogre/giant spiked club (23)]
  2214 | D:4      | Reached skill level 1 in Stealth
  2214 | D:4      | Reached XP level 7. HP: 21/63 MP: 6/6
  2238 | D:4      | Noticed Grinder
  2249 | D:4      | Paralysed by Grinder for 2 turns
  2261 | D:4      | Killed Grinder
  2261 | D:4      | Reached skill level 5 in Armour
  2261 | D:4      | Reached skill level 1 in Evocations
  2346 | D:4      | Noticed Robin
  2377 | D:4      | Killed Robin
  2387 | D:4      | Noticed Sigmund
  2402 | D:4      | Reached skill level 6 in Shields
  2408 | D:4      | Killed Sigmund
  2408 | D:4      | Reached XP level 8. HP: 45/73 MP: 7/7
  2630 | D:4      | Reached skill level 5 in Axes
  2934 | D:5      | Entered Level 5 of the Dungeon
  2944 | D:5      | Found a shadowy altar of Dithmenos.
  2945 | D:5      | Noticed Edmund
  2964 | D:5      | Killed Edmund
  3034 | D:5      | Noticed lagrange's ghost (novice DgWn)
  3074 | D:5      | Killed lagrange's ghost
  3074 | D:5      | Reached skill level 5 in Fighting
  3250 | D:5      | Found a glowing drain.
  3265 | Sewer    | Entered a sewer
  3827 | D:5      | Gained mutation: You passively map the area around you. [Deep Dwarf growth]
  3827 | D:5      | Reached XP level 9. HP: 33/81 MP: 7/7
  3847 | D:5      | Reached skill level 7 in Shields
  4080 | D:6      | Noticed lagrange's ghost (novice FoFi)
  4119 | D:6      | Killed lagrange's ghost
  4119 | D:6      | Reached skill level 5 in Dodging
  6108 | D:9      | Found a staircase to the Orcish Mines.
  6134 | D:9      | Reached skill level 8 in Shields
  6139 | D:9      | Slain by an orc warrior

Vault maps used:
D:1:      minmay_arrival_solitary_statue
D:4:      first_bread, minmay_strange_pillars, grunt_ministairs_9,
          kennysheep_small_square, uniq_robin, uniq_sigmund, uniq_grinder
D:5:      old_standard_altar, portal_sewer_entry_e, uniq_edmund
D:7:      minmay_temple_entry_from_below_a
D:9:      david_orc_3, serial_co_window_serial, co_window_of_opportunity_a,
          co_window_paths_b, co_window_paths_a, co_window_corner_a,
          co_window_of_opportunity_a, co_window_paths_c, co_window_broadway_c,
          co_window_2corner, co_window_cross_2, co_window_corner_b,
          co_window_unsneaky_path_c, glass_columns_c
Sewer:    sewer_frog_island_01

Action                   |  1- 3 |  4- 6 |  7- 9 || total
-------------------------+-------+-------+-------++-------
Melee: War axe           |   105 |   172 |   465 ||   742
 Abil: Device Recharging |       |     1 |     3 ||     4
Evoke: Wand              |       |     4 |    22 ||    26
  Use: Scroll            |       |     1 |    13 ||    14
       Potion            |       |       |     3 ||     3
  Eat: Bread ration      |       |     1 |     4 ||     5
